General information
- name: BNet
- type: Ladder team game (AT/RT)
- host: Battle.net
- saver: MyLiegeCyrus
map: Monsoon
- players: 6
- length: 42:10
- speed: Fast
- version: 1.26 W3XP
- replay type:

» download(351 KB)
Players
team 1 (winner)
AlasPoorYorick (
red | 111 APM | 4687 actions | 42:10)
5 Warden
2 Shadow Strike
3 Blink
5 Demon Hunter
2 Mana Burn
3 Evasion
5 Pandaren Brewmaster
3 Breath of Fire
2 Drunken Haze
» actions
| Assign group hotkey | 4 | |
| Basic commands | 316 | |
| Build / train | 83 | |
| ESC pressed | 1 | |
| Enter build submenu | 28 | |
| Enter hero's abilities submenu | 15 | |
| Right click | 2389 | |
| Select / deselect | 834 | |
| Select group hotkey | 776 | |
| Use ability | 240 | |
4687 total
» units
» upgrades
| Nature's Blessing | 1 | |
| Ultravision | 1 | |
| Well Spring | 1 | |
3 total
» buildings
| Altar of Elders | 3 | |
| Moon Well | 23 | |
| Tree of Ages | 2 | |
| Tree of Life | 5 | |
| Hunter's Hall | 1 | |
| Tree of Eternity | 1 | |
| Ancient of Wonders | 1 | |
36 total
» build order
00:06 Altar of Elders
00:19 Moon Well
01:38 Moon Well
03:32 Moon Well
05:07 Tree of Ages
05:07 Tree of Ages
05:56 Tree of Life
06:35 Tree of Life
08:05 Hunter's Hall
10:41 Tree of Eternity
10:43 Ancient of Wonders
13:25 Moon Well
14:04 Tree of Life
20:30 Moon Well
20:31 Moon Well
20:54 Tree of Life
21:34 Moon Well
21:35 Moon Well
21:35 Moon Well
21:36 Moon Well
25:05 Moon Well
25:06 Moon Well
27:23 Moon Well
27:25 Moon Well
27:25 Moon Well
28:14 Moon Well
28:15 Moon Well
28:17 Moon Well
28:17 Moon Well
30:10 Moon Well
30:11 Moon Well
30:12 Moon Well
31:32 Altar of Elders
32:03 Altar of Elders
33:19 Moon Well
34:04 Tree of Life
» items
| Boots of Speed | 3 | |
| Staff of Teleportation | 3 | |
| Orb of Lightning | 3 | |
| Staff of Sanctuary | 3 | |
| Scroll of Town Portal | 1 | |
13 total
MyLiegeCyrus (
purple | 130 APM | 5478 actions | 42:10)
5 Mountain King
3 Storm Bolt
2 Bash
4 Paladin
2 Holy Light
2 Divine Shield
3 Blood Mage
1 Banish
2 Siphon Mana
» actions
| Assign group hotkey | 273 | |
| Basic commands | 32 | |
| Build / train | 151 | |
| Enter build submenu | 122 | |
| Enter hero's abilities submenu | 13 | |
| Give item / drop item | 6 | |
| Right click | 2642 | |
| Select / deselect | 482 | |
| Select group hotkey | 1366 | |
| Use ability | 391 | |
5478 total
» units
| Peasant | 24 | |
| Dragonhawk Rider | 6 | |
30 total
» upgrades
| Masonry | 3 | |
| Lumber Harvesting | 2 | |
| Magic Sentry | 1 | |
| Swords | 3 | |
| Armor | 3 | |
| Animal War Training | 1 | |
13 total
» buildings
| Altar of Kings | 1 | |
| Farm | 8 | |
| Scout Tower | 158 | |
| Arcane Tower | 17 | |
| Lumber Mill | 1 | |
| Guard Tower | 62 | |
| Keep | 1 | |
| Town Hall | 4 | |
| Arcane Vault | 4 | |
| Arcane Sanctum | 1 | |
| Castle | 1 | |
| Gryphon Aviary | 1 | |
| Barracks | 1 | |
| Blacksmith | 1 | |
261 total
» build order
00:06 Altar of Kings
00:19 Farm
00:48 Farm
01:04 Scout Tower
01:15 Farm
01:23 Scout Tower
01:31 Arcane Tower
01:33 Scout Tower
01:35 Lumber Mill
01:43 Scout Tower
01:50 Scout Tower
02:01 Arcane Tower
02:02 Arcane Tower
02:02 Arcane Tower
02:19 Scout Tower
02:26 Arcane Tower
02:33 Scout Tower
02:40 Guard Tower
02:41 Guard Tower
02:50 Guard Tower
02:51 Scout Tower
03:35 Guard Tower
03:36 Scout Tower
03:46 Scout Tower
03:47 Scout Tower
03:47 Guard Tower
04:18 Keep
04:27 Scout Tower
04:28 Scout Tower
04:28 Guard Tower
04:47 Scout Tower
04:48 Scout Tower
04:48 Guard Tower
05:18 Scout Tower
05:20 Scout Tower
05:21 Guard Tower
05:23 Arcane Tower
06:06 Town Hall
06:08 Town Hall
06:12 Scout Tower
06:13 Scout Tower
06:17 Guard Tower
06:19 Scout Tower
06:20 Scout Tower
06:24 Guard Tower
06:27 Arcane Vault
06:28 Scout Tower
06:40 Arcane Sanctum
06:43 Scout Tower
06:51 Guard Tower
06:54 Arcane Tower
07:04 Castle
07:44 Guard Tower
07:45 Scout Tower
07:47 Guard Tower
08:00 Arcane Vault
08:05 Scout Tower
08:05 Scout Tower
08:06 Scout Tower
08:07 Scout Tower
08:09 Guard Tower
08:10 Scout Tower
08:14 Scout Tower
08:16 Scout Tower
08:17 Scout Tower
08:18 Scout Tower
09:38 Arcane Tower
09:44 Guard Tower
09:44 Scout Tower
09:46 Scout Tower
09:48 Scout Tower
09:50 Scout Tower
09:53 Scout Tower
09:54 Scout Tower
09:55 Scout Tower
09:57 Arcane Vault
10:07 Farm
10:10 Scout Tower
10:11 Scout Tower
10:11 Scout Tower
10:33 Guard Tower
10:36 Scout Tower
10:37 Scout Tower
10:37 Scout Tower
10:40 Guard Tower
10:42 Scout Tower
10:43 Scout Tower
10:52 Arcane Tower
11:13 Guard Tower
11:13 Guard Tower
11:15 Arcane Vault
11:18 Guard Tower
11:20 Scout Tower
11:22 Scout Tower
11:41 Guard Tower
11:43 Guard Tower
11:58 Arcane Tower
11:59 Guard Tower
13:34 Guard Tower
13:37 Scout Tower
13:43 Scout Tower
13:43 Scout Tower
13:46 Scout Tower
13:47 Scout Tower
13:50 Scout Tower
13:52 Scout Tower
13:52 Scout Tower
13:53 Scout Tower
13:55 Scout Tower
13:55 Scout Tower
13:57 Guard Tower
14:01 Scout Tower
14:02 Scout Tower
14:03 Scout Tower
14:03 Scout Tower
14:05 Guard Tower
14:33 Guard Tower
14:51 Scout Tower
14:51 Scout Tower
15:21 Guard Tower
15:22 Arcane Tower
15:23 Guard Tower
15:44 Guard Tower
16:18 Arcane Tower
16:18 Guard Tower
16:23 Guard Tower
16:35 Scout Tower
16:42 Scout Tower
16:43 Scout Tower
16:46 Guard Tower
16:51 Scout Tower
17:02 Scout Tower
17:03 Scout Tower
17:19 Arcane Tower
17:20 Guard Tower
17:26 Scout Tower
18:05 Guard Tower
18:13 Guard Tower
18:16 Scout Tower
18:17 Scout Tower
18:17 Scout Tower
18:21 Guard Tower
18:24 Scout Tower
18:24 Scout Tower
19:21 Guard Tower
19:24 Gryphon Aviary
19:26 Barracks
19:27 Blacksmith
20:05 Town Hall
20:08 Scout Tower
20:10 Scout Tower
20:11 Scout Tower
20:12 Scout Tower
20:12 Scout Tower
20:13 Scout Tower
20:13 Scout Tower
20:14 Scout Tower
20:16 Scout Tower
20:17 Scout Tower
20:17 Scout Tower
20:19 Scout Tower
20:19 Scout Tower
20:20 Scout Tower
20:20 Scout Tower
20:21 Scout Tower
20:23 Guard Tower
20:25 Scout Tower
20:26 Scout Tower
22:32 Guard Tower
22:34 Scout Tower
22:36 Scout Tower
22:36 Scout Tower
22:37 Scout Tower
23:37 Scout Tower
23:38 Scout Tower
23:38 Scout Tower
23:39 Scout Tower
23:56 Scout Tower
23:57 Scout Tower
23:58 Scout Tower
23:58 Scout Tower
24:32 Arcane Tower
24:33 Guard Tower
24:36 Guard Tower
24:49 Guard Tower
24:57 Guard Tower
25:00 Guard Tower
25:03 Scout Tower
25:05 Scout Tower
26:08 Guard Tower
26:17 Town Hall
26:21 Scout Tower
26:22 Scout Tower
26:22 Scout Tower
26:23 Scout Tower
26:24 Scout Tower
26:24 Scout Tower
26:25 Scout Tower
26:26 Scout Tower
26:53 Scout Tower
26:54 Scout Tower
26:54 Scout Tower
26:55 Scout Tower
27:44 Guard Tower
27:57 Guard Tower
28:00 Scout Tower
28:01 Scout Tower
28:01 Scout Tower
28:03 Scout Tower
28:03 Scout Tower
28:05 Scout Tower
28:09 Guard Tower
28:12 Scout Tower
28:13 Scout Tower
28:14 Scout Tower
28:14 Scout Tower
28:15 Scout Tower
28:15 Scout Tower
28:16 Scout Tower
28:17 Scout Tower
28:44 Guard Tower
28:48 Guard Tower
28:49 Arcane Tower
29:11 Guard Tower
30:01 Guard Tower
30:02 Guard Tower
30:05 Scout Tower
30:07 Scout Tower
31:04 Guard Tower
31:07 Scout Tower
31:11 Scout Tower
31:13 Scout Tower
31:34 Farm
31:36 Farm
31:36 Farm
31:36 Farm
31:39 Guard Tower
31:45 Scout Tower
31:46 Scout Tower
31:47 Scout Tower
31:56 Scout Tower
31:56 Scout Tower
31:57 Scout Tower
32:22 Guard Tower
32:29 Scout Tower
32:39 Guard Tower
32:41 Scout Tower
32:42 Scout Tower
33:09 Guard Tower
33:13 Scout Tower
33:14 Scout Tower
37:59 Guard Tower
38:22 Guard Tower
38:26 Guard Tower
38:33 Scout Tower
38:34 Scout Tower
38:35 Scout Tower
» items
| Boots of Speed | 3 | |
| Staff of Teleportation | 3 | |
| Orb of Lightning | 3 | |
| Staff of Sanctuary | 3 | |
12 total
TIMG4STROK (
green | 89 APM | 3743 actions | 42:10)
9 Blademaster
3 Wind Walk
3 Critical Strike
1 Bladestorm
2 Mirror Image
» actions
| Assign group hotkey | 26 | |
| Basic commands | 18 | |
| Build / train | 86 | |
| ESC pressed | 2 | |
| Enter build submenu | 62 | |
| Enter hero's abilities submenu | 9 | |
| Give item / drop item | 11 | |
| Right click | 2291 | |
| Select / deselect | 297 | |
| Select group hotkey | 589 | |
| Use ability | 350 | |
3743 total
» units
» upgrades
| Liquid Fire | 1 | |
| Reinforced Defenses | 1 | |
| Ranged Weapons | 3 | |
| Spiked Barricades | 1 | |
| Armor | 2 | |
8 total
» buildings
| Altar of Storms | 2 | |
| War Mill | 2 | |
| Orc Burrow | 4 | |
| Watch Tower | 47 | |
| Voodoo Lounge | 3 | |
| Stronghold | 1 | |
| Beastiary | 4 | |
| Fortress | 1 | |
| Great Hall | 1 | |
65 total
» build order
00:16 Altar of Storms
00:22 War Mill
00:28 Orc Burrow
01:35 Watch Tower
02:00 Watch Tower
02:12 Orc Burrow
02:37 Watch Tower
03:49 Watch Tower
03:50 Watch Tower
04:36 Voodoo Lounge
04:37 Voodoo Lounge
04:54 Watch Tower
04:55 Watch Tower
05:11 Stronghold
05:48 Watch Tower
06:21 Watch Tower
06:58 Watch Tower
07:33 Watch Tower
07:49 Beastiary
07:50 Beastiary
07:53 Fortress
08:08 Great Hall
08:17 Voodoo Lounge
09:05 Watch Tower
10:23 Watch Tower
10:28 Watch Tower
10:41 Orc Burrow
10:49 Watch Tower
10:50 Watch Tower
11:43 Watch Tower
11:45 Watch Tower
11:59 Watch Tower
11:59 Watch Tower
12:01 Watch Tower
12:01 Watch Tower
12:10 Watch Tower
13:11 Watch Tower
13:15 Watch Tower
13:18 War Mill
14:22 Watch Tower
14:24 Watch Tower
16:18 Watch Tower
16:21 Watch Tower
17:26 Watch Tower
17:28 Watch Tower
18:34 Watch Tower
18:36 Watch Tower
20:27 Watch Tower
20:29 Watch Tower
20:35 Watch Tower
20:35 Watch Tower
21:33 Watch Tower
21:35 Watch Tower
21:41 Watch Tower
21:41 Watch Tower
22:38 Watch Tower
22:38 Watch Tower
25:56 Watch Tower
25:58 Watch Tower
25:59 Watch Tower
25:59 Watch Tower
31:34 Beastiary
33:47 Beastiary
33:48 Altar of Storms
36:12 Orc Burrow
» items
| Staff of Teleportation | 1 | |
| Boots of Speed | 1 | |
| Circlet of Nobility | 1 | |
| Lesser Clarity Potion | 5 | |
| Healing Salve | 3 | |
| Orb of Lightning | 1 | |
| Scroll of Town Portal | 2 | |
| Potion of Mana | 1 | |
15 total
team 2 (loser)
Dani96 (
pink | 51 APM | 2133 actions | 42:10)
4 Death Knight
2 Death Coil
2 Unholy Aura
3 Lich
1 Frost Nova
2 Frost Armor
» actions
| Assign group hotkey | 44 | |
| Build / train | 87 | |
| Enter build submenu | 28 | |
| Enter hero's abilities submenu | 7 | |
| Give item / drop item | 4 | |
| Remove unit from queue | 4 | |
| Right click | 717 | |
| Select / deselect | 583 | |
| Select group hotkey | 550 | |
| Use ability | 109 | |
2133 total
» units
| Acolyte | 11 | |
| Ghoul | 5 | |
| Crypt Fiend | 8 | |
| Gargoyle | 8 | |
| Frost Wyrm | 15 | |
47 total
» upgrades
| Creature Attack | 3 | |
| Creature Carapace | 3 | |
| Web | 1 | |
| Freezing Breath | 1 | |
8 total
» buildings
| Graveyard | 1 | |
| Crypt | 2 | |
| Altar of Darkness | 1 | |
| Ziggurat | 12 | |
| Tomb of Relics | 1 | |
| Nerubian Tower | 2 | |
| Halls of the Dead | 1 | |
| Black Citadel | 1 | |
| Sacrificial Pit | 1 | |
| Necropolis | 2 | |
| Boneyard | 2 | |
| Spirit Tower | 2 | |
28 total
» build order
00:10 Graveyard
00:13 Crypt
00:34 Altar of Darkness
01:15 Ziggurat
02:10 Tomb of Relics
02:34 Ziggurat
02:56 Nerubian Tower
05:19 Halls of the Dead
06:40 Ziggurat
07:50 Crypt
09:41 Ziggurat
11:59 Ziggurat
15:00 Ziggurat
15:06 Black Citadel
15:29 Sacrificial Pit
15:35 Necropolis
16:48 Ziggurat
16:58 Ziggurat
17:02 Ziggurat
17:36 Boneyard
17:51 Boneyard
18:06 Spirit Tower
18:10 Ziggurat
18:18 Ziggurat
18:25 Ziggurat
19:18 Spirit Tower
25:11 Nerubian Tower
30:18 Necropolis
» items
| Rod of Necromancy | 2 | |
| Sacrificial Skull | 1 | |
| Dust of Appearance | 1 | |
| Potion of Lesser Invulnerability | 2 | |
| Potion of Healing | 2 | |
8 total
mojawi_100 (
orange | 118 APM | 4896 actions | 41:34)
4 Blademaster
2 Wind Walk
1 Mirror Image
1 Critical Strike
4 Tauren Chieftain
2 Endurance Aura
2 War Stomp
» actions
| Assign group hotkey | 51 | |
| Basic commands | 402 | |
| Build / train | 118 | |
| Enter build submenu | 20 | |
| Enter hero's abilities submenu | 8 | |
| Give item / drop item | 3 | |
| Remove unit from queue | 3 | |
| Right click | 2193 | |
| Select / deselect | 664 | |
| Select group hotkey | 1243 | |
| Use ability | 191 | |
4896 total
» units
| Peon | 21 | |
| Grunt | 8 | |
| Raider | 9 | |
| Troll Batrider | 7 | |
| Wind Rider | 2 | |
| Demolisher | 4 | |
51 total
» upgrades
| Berserker Strength | 1 | |
| Armor | 3 | |
| Ensnare | 1 | |
| Liquid Fire | 1 | |
| Reinforced Defenses | 1 | |
| Envenomed Spears | 1 | |
| Ranged Weapons | 1 | |
| Burning Oil | 1 | |
| Pillage | 1 | |
11 total
» buildings
| Altar of Storms | 1 | |
| Orc Burrow | 8 | |
| Barracks | 2 | |
| Voodoo Lounge | 1 | |
| Stronghold | 1 | |
| War Mill | 1 | |
| Beastiary | 4 | |
| Great Hall | 2 | |
| Fortress | 1 | |
21 total
» build order
00:05 Altar of Storms
00:17 Orc Burrow
00:35 Barracks
01:32 Orc Burrow
01:58 Voodoo Lounge
04:13 Stronghold
04:54 Orc Burrow
05:28 War Mill
06:40 Beastiary
06:43 Beastiary
08:17 Great Hall
08:45 Orc Burrow
09:55 Fortress
14:18 Beastiary
14:37 Orc Burrow
14:58 Beastiary
16:34 Orc Burrow
17:35 Orc Burrow
21:08 Barracks
22:45 Orc Burrow
38:57 Great Hall
» items
| Healing Salve | 7 | |
| Lesser Clarity Potion | 5 | |
| Scroll of Speed | 4 | |
| Orb of Lightning | 1 | |
| Dust of Appearance | 4 | |
| Potion of Lesser Invulnerability | 6 | |
| Scroll of Protection | 4 | |
| Scroll of Healing | 4 | |
| Scroll of Town Portal | 1 | |
| Potion of Healing | 1 | |
| Potion of Mana | 1 | |
| Circlet of Nobility | 1 | |
39 total
wao (
blue | 103 APM | 4237 actions | 41:12)
4 Death Knight
2 Death Coil
2 Unholy Aura
2 Lich
1 Frost Nova
1 Dark Ritual
3 Dark Ranger
1 Silence
2 Black Arrow
» actions
| Assign group hotkey | 796 | |
| Basic commands | 1 | |
| Build / train | 91 | |
| Enter build submenu | 26 | |
| Enter hero's abilities submenu | 9 | |
| Give item / drop item | 2 | |
| Right click | 1944 | |
| Select / deselect | 535 | |
| Select group hotkey | 691 | |
| Use ability | 142 | |
4237 total
» units
| Acolyte | 20 | |
| Ghoul | 5 | |
| Crypt Fiend | 12 | |
| Obsidian Statue | 2 | |
| Abomination | 4 | |
| Frost Wyrm | 9 | |
52 total
» upgrades
| Burrow | 1 | |
| Creature Attack | 3 | |
| Freezing Breath | 1 | |
| Disease Cloud | 1 | |
6 total
» buildings
| Graveyard | 1 | |
| Crypt | 1 | |
| Altar of Darkness | 1 | |
| Ziggurat | 12 | |
| Tomb of Relics | 1 | |
| Nerubian Tower | 2 | |
| Halls of the Dead | 1 | |
| Spirit Tower | 4 | |
| Black Citadel | 1 | |
| Slaughterhouse | 1 | |
| Sacrificial Pit | 1 | |
| Boneyard | 1 | |
27 total
» build order
00:07 Graveyard
00:14 Crypt
00:33 Altar of Darkness
00:56 Ziggurat
01:36 Tomb of Relics
02:27 Nerubian Tower
03:02 Ziggurat
04:22 Halls of the Dead
04:53 Ziggurat
08:25 Ziggurat
08:59 Ziggurat
09:04 Ziggurat
09:24 Spirit Tower
10:29 Spirit Tower
10:30 Nerubian Tower
10:55 Spirit Tower
12:40 Black Citadel
12:58 Slaughterhouse
14:29 Sacrificial Pit
16:25 Boneyard
16:35 Ziggurat
16:37 Ziggurat
17:51 Ziggurat
18:56 Spirit Tower
28:18 Ziggurat
28:22 Ziggurat
28:25 Ziggurat
» items
| Rod of Necromancy | 4 | |
| Sacrificial Skull | 1 | |
| Scroll of Town Portal | 2 | |
| Potion of Healing | 2 | |
| Potion of Lesser Invulnerability | 2 | |
| Scroll of Protection | 1 | |
| Scroll of Healing | 1 | |
13 total
Chat log
(07:31 / All) mojawi_100: Lol :P
(07:35 / All) MyLiegeCyrus: agreed
(13:41 / All) mojawi_100: Lol
(13:48 / All) MyLiegeCyrus: THX
(37:39 / All) mojawi_100: Fucker mk
(37:51 / All) MyLiegeCyrus: lil noob..
(37:58 / All) Dani96: lol
(39:08 / All) MyLiegeCyrus: why did you lose this game
(39:18 / All) MyLiegeCyrus: we only made towweer..
(39:27 / All) mojawi_100: cuz ur fucking gay
(39:32 / All) TIMG4STROK: stop
(41:33 / All) mojawi_100: ur faggots
(41:36 / All) MyLiegeCyrus: ^